 Dungeon Sprint DCSS version 0.29-a0-925-g0a7a3d12f8 (webtiles) character file.

Game seed: 10031881859667592120

779 Hipnos the Carver (level 7, 0/66 HPs)
             Began as a Demonspawn Chaos Knight on July 28, 2022.
             Was a Plaything of Xom.
             Slain by a polar bear (3 damage)
             ... in the Dungeon (Sprint II: "The Violet Keep of Menkaure").
             The game lasted 00:04:24 (692 turns).

Hipnos the Carver (Demonspawn Chaos Knight)          Turns: 692, Time: 00:04:27

Health: 0/66       AC: 12    Str: 14    XL:     7   Next: 54%
Magic:  7/7        EV: 12    Int: 15    God:    Xom [*.....]
Gold:   0          SH:  5    Dex: 13    Spells: 6/6 levels left

rFire   . . .      SeeInvis +   a - +0 falchion (chaos)
rCold   . . .      Faith    .   k - +2 buckler {AC+3}
rNeg    . . .      Spirit   .   b - +2 leather armour
rPois   .          Reflect  .   h - +1 helmet
rElec   .          Harm     .   l - +0 cloak
rCorr   .          Rampage  .   (no gloves)
Will    .....      NoTele   +   (no boots)
Stlth   ++........              (no amulet)
HPRegen 0.21/turn               j - ring of see invisible
MPRegen 0.10/turn               (no ring)

@: no status effects
A: powered by death 2, big brain 1, condensation shield, demonic touch 1
a: Renounce Religion


You were in the Dungeon.
You worshipped Xom.
You were a special plaything of Xom.
You visited 1 branch You collected 729 gold pieces.
You spent 729 gold pieces at shops.

Inventory:

Hand Weapons
 a - a +0 falchion of chaos (weapon)
Armour
 b - a +2 leather armour (worn)
 h - a +1 helmet (worn)
 k - a +2 buckler of protection (worn)
 l - a +0 cloak (worn)
Jewellery
 j - a ring of see invisible (left hand)
Scrolls
 i - a scroll of blinking
Potions
 d - a potion of curing
 f - a potion of haste
 g - 2 potions of magic
Miscellaneous
 c - a piece from Xom's chessboard (15/15) (quivered)


   Skills:
 + Level 10.2 Fighting
 + Level 10.4 Long Blades
 + Level 5.9 Armour
 + Level 3.2 Dodging
 + Level 3.3 Stealth
 + Level 0.8 Shields


You had 6 spell levels left.
You didn't know any spells.
Your spell library was empty.

Dungeon Overview and Level Annotations

Branches:
Dungeon (1/1)

Altars:
Cheibriados
Dithmenos
Fedhas
Gozag
Kikubaaqudgha
Makhleb
Nemelex Xobeh
Okawaru
Ru
Sif Muna
Trog
Uskayaw
Vehumet
Wu Jian
Xom
Yredelemnul
Jiyva
Lugonu

Shops:
D [[:*=!([[?!*=[:

Annotations:
D exclusion: oklob plant, Roxanne


Innate Abilities, Weirdness & Mutations

You regenerate health from kills.
You have an unusually large brain. (Int +2)
A meltable shield of frost defends you. (SH +0)
Your touch may inflict minor irresistible damage on your foes.


Message History

You block the polar bear's attack.
The polar bear claws you but does no damage.
You feel much better. Something completely misses you.
You block something's attack. Something claws you but does no damage.
The polar bear barely misses you.
The polar bear claws you but does no damage.
You block the polar bear's attack.
Okay, then.
Okay, then.
Reactivating autopickup.
j - a ring of see invisible (left hand)
You hit the polar bear but do no damage.
The polar bear is severely wounded.
The polar bear bites you but does no damage.
The polar bear claws you. The polar bear barely misses you.
You block the polar bear's attack. The polar bear claws you.
* * * LOW HITPOINT WARNING * * *
The polar bear claws you but does no damage.
You hit the polar bear.
Nothing appears to happen.
The polar bear is severely wounded.
The polar bear bites you but does no damage.
The polar bear claws you.
* * * LOW HITPOINT WARNING * * *
The polar bear misses you.
The polar bear goes berserk!
You barely miss the polar bear.
The polar bear is severely wounded.
The polar bear misses you. The polar bear closely misses you.
The polar bear claws you but does no damage.
The polar bear barely misses you.
The polar bear claws you but does no damage. x2
Okay, then.
You hit the polar bear but do no damage.
The polar bear looks as sick as possible!
The polar bear is almost dead.
You block the polar bear's attack. The polar bear barely misses you. x2
The polar bear bites you!
* * * LOW HITPOINT WARNING * * *
You block the polar bear's attack. The polar bear claws you.
You die...
Xom thinks this is hilarious! #+## #. .#.## ## +.### ###.# .# ...# .#.####..## #..# #'###.##..# +.^# # #.##...#..# #.^# h# .<.'.##+..####..##.# ? #.####.#....###.@h##▓▓▓▓ #+# #.##......≈≈≈h≈≈≈≈≈≈ B#B

###≈≈§.§..≈#+####### .
..#≈≈≈≈≈§≈§.≈#_._..... .
.##≈§≈≈≈≈§≈§≈#._._....
#+##≈≈≈≈≈§≈≈≈≈≈#_._._...
≈≈≈≈≈≈§≈§§≈≈§≈≈#._._._..
+#+++#§≈≈§≈§≈§§#_._._._.
..§. ##≈≈≈###§≈#._._._._


You could see 2 polar bears.

Vanquished Creatures
  2 wyverns (D)
  A vampire mosquito (D)
  Menkaure (D)
  4 necrophages (D)
  3 worms (D)
11 creatures vanquished.

Vanquished Creatures (others)
  A water moccasin (D)
1 creature vanquished.

Grand Total: 12 creatures vanquished

Notes
Turn   | Place    | Note
-------+----------+-------------------------------------------
     0 | D        | Hipnos the Demonspawn Chaos Knight began the quest for the
                  | Orb.
     0 | D        | Reached XP level 1. HP: 18/18 MP: 1/1
     1 | D        | Noticed a necrophage
     1 | D        | Noticed a necrophage
     1 | D        | Noticed a necrophage
     1 | D        | Noticed a necrophage
     8 | D        | Killed a necrophage
     9 | D        | Reached skill level 5 in Fighting
     9 | D        | Reached skill level 5 in Long Blades
     9 | D        | Reached skill level 1 in Dodging
     9 | D        | Gained mutation: Your touch may inflict minor irresistible
                  | damage on your foes. [demonic ancestry]
     9 | D        | Reached XP level 2. HP: 27/27 MP: 2/2
     9 | D        | Gained mutation: A meltable shield of frost defends you.
                  | (SH +0) [demonic ancestry]
     9 | D        | Reached XP level 3. HP: 33/33 MP: 3/3
    11 | D        | XOM: potion effect (might)
    13 | D        | Killed a necrophage
    14 | D        | Reached skill level 1 in Stealth
    14 | D        | Reached XP level 4. HP: 41/41 MP: 4/4
    17 | D        | Killed a necrophage
    18 | D        | Gained mutation: You regenerate a little health from kills.
                  | [demonic ancestry]
    18 | D        | Reached XP level 5. HP: 48/48 MP: 5/5
    27 | D        | Killed a water moccasin
   106 | D        | Noticed a wyvern
   106 | D        | Noticed a wyvern
   107 | D        | XOM: smoke on damage
   108 | D        | XOM: potion effect (curing)
   116 | D        | Killed a wyvern
   117 | D        | Reached skill level 5 in Armour
   117 | D        | Gained mutation: You regenerate health from kills. [demonic
                  | ancestry]
   117 | D        | Reached XP level 6. HP: 28/58 MP: 6/6
   310 | D        | Noticed a boulder beetle
   310 | D        | Noticed a boulder beetle
   315 | D        | XOM: potion effect (brilliance)
   321 | D        | Killed a wyvern
   322 | D        | Gained mutation: You have an unusually large brain. (Int
                  | +2) [demonic ancestry]
   322 | D        | Reached XP level 7. HP: 48/64 MP: 7/7
   411 | D        | Found Ufosma's General Store.
   411 | D        | Found Vuitz's Antique Armour Emporium.
   411 | D        | Found Eczuetis's Antique Armour Shoppe.
   411 | D        | Found Jourred's Book Emporium.
   411 | D        | Found Vuimnu's Distillery.
   411 | D        | Found Ruokucoc's Jewellery Shoppe.
   412 | D        | Found Kin Joax's Magic Scroll Emporium.
   412 | D        | Found Fagelawe's Armour Shoppe.
   413 | D        | Found Fish's Antique Weapon Shoppe.
   413 | D        | Found Lenneoxi's Distillery.
   415 | D        | Found Waimi's Jewellery Emporium.
   415 | D        | Found Qiof's Assorted Antiques.
   415 | D        | Noticed Menkaure
   415 | D        | Noticed an oklob plant
   416 | D        | Found Falietox's Antique Armour Shoppe.
   416 | D        | Found Liagef's Book Shoppe.
   416 | D        | Found Wauxtouwn's Antique Armour Emporium.
   422 | D        | Bought a glowing helmet for 165 gold pieces
   431 | D        | Killed Menkaure
   432 | D        | Reached skill level 10 in Fighting
   432 | D        | Reached skill level 10 in Long Blades
   437 | D        | Bought a ring of see invisible for 180 gold pieces
   440 | D        | Noticed a great orb of eyes
   441 | D        | Bought a +2 buckler of protection for 258 gold pieces
   450 | D        | Bought a cloak for 126 gold pieces
   583 | D        | Noticed a polar bear
   584 | D        | Noticed a polar bear
   593 | D        | Noticed a vampire mosquito
   605 | D        | Killed a vampire mosquito
   657 | D        | Noticed Roxanne
   666 | D        | Found a radiant altar of Vehumet.
   666 | D        | Found an iron altar of Okawaru.
   667 | D        | Found a sparkling altar of Nemelex Xobeh.
   667 | D        | Found a hide-covered altar of Uskayaw.
   667 | D        | Found a basalt altar of Yredelemnul.
   668 | D        | Found an opulent altar of Gozag.
   668 | D        | Found a burning altar of Makhleb.
   668 | D        | Found a bloodstained altar of Trog.
   668 | D        | Found a shimmering altar of Xom.
   669 | D        | Found a blossoming altar of Fedhas.
   669 | D        | Found a corrupted altar of Lugonu.
   669 | D        | Found a shimmering blue altar of Sif Muna.
   669 | D        | Found an ornate altar of the Wu Jian Council.
   670 | D        | Found an ancient bone altar of Kikubaaqudgha.
   670 | D        | Found a sacrificial altar of Ru.
   672 | D        | Found a shadowy altar of Dithmenos.
   672 | D        | Found a viscous altar of Jiyva.
   673 | D        | Found a snail-covered altar of Cheibriados.
   674 | D        | Noticed a polar bear
   674 | D        | Noticed a polar bear
   675 | D        | Noticed a polar bear
   676 | D        | Noticed a hornet
   679 | D        | XOM: potion effect (heal wounds)
   692 | D        | HP: 3/66 [polar bear (12)]
   692 | D        | Slain by a polar bear

Illustrated notes

Levels and vault maps discovered:
D:        the_violet_keep_of_menkaure [sprint2_stairs_cluster_1,
          sprint2_shoproom, sprint2_temple, sprint2_basic_supplies,
          sprint2_obstacle_6, sprint2_obstacle_5, sprint2_obstacle_3,
          sprint2_obstacle_7, sprint2_obstacle_4, sprint2_timed_cluster_1,
          sprint2_smallroom_cluster_1, sprint2_smallroom_final_cluster_1,
          sprint2_transparent_cluster_1, sprint2_second_timed_cluster_1,
          sprint2_sniper_area_1, sprint2_heavy_combat_area_1,
          sprint2_mutation_trap_area_1, sprint2_forest_area_1,
          sprint2_light_combat_area_1, sprint2_behind_water_1,
          sprint2_near_end_vault_1]

Skill      XL: |  1  2  3  4  5  6  7 |
---------------+----------------------+-----
Fighting       | 5 6 7 9 10 | 10.2
Long Blades    | 5 6 7 9 10 | 10.4
Armour         | 2 3 5 |  5.9
Dodging        | 1 2 3 |  3.2
Stealth        | 1 2 3 |  3.3
Shields        | |  0.8

Action                   |  1- 3 |  4- 6 |  7- 9 || total
-------------------------+-------+-------+-------++-------
Melee: Falchion          |    11 |    35 |    31 ||    77
       Touch             |     1 |     8 |       ||     9
  Use: Potion            |     1 |       |     1 ||     2
       Scroll            |       |       |     1 ||     1
 Stab: Confused          |     1 |       |       ||     1
       Petrifying        |       |       |     2 ||     2
       Petrified         |       |       |     1 ||     1
Armor: Leather armour    |     1 |     1 |    32 ||    34
Dodge: Dodged            |     2 |     8 |    25 ||    35
Block: Other             |       |     6 |       ||     6
       Buckler           |       |       |    14 ||    14

Table legend: (Time is in decaauts)
 A = Elapsed time spent in this place.
 B = Non-inter-level travel time spent in this place.
 C = Inter-level travel time spent in this place.
 D = Time resting spent in this place.
 E = Time spent auto-exploring this place.
 F = Levels seen in this place.
 G = Mean time per level.
                   A        B        C        D        E       F      G
               +--------+--------+--------+--------+--------+-----+--------+
         Total |    703 |    703 |      0 |    469 |      0 |   1 |  703.0 |
       Dungeon |    703 |    703 |      0 |    469 |      0 |   1 |  703.0 |
               +--------+--------+--------+--------+--------+-----+--------+

Top non-repeatable levels by time:
       D: 703 daAuts
